 Dungeon Crawl Stone Soup version 0.30-a0-986-g7f2e898f52 (webtiles) character file.

Game seed: 1703167770373434808

115 Shard1697 the Cudgeller (level 4, 0/39 HPs)
             Began as an Armataur Fighter on Apr 2, 2023.
             Was a Follower of Qazlal.
             Slain by a goblin
             ... wielding a +0 club
             ... led by Robin
              (1 damage)
             ... on level 2 of the Dungeon.
             The game lasted 00:01:18 (1818 turns).

Shard1697 the Cudgeller (Armataur Fighter)          Turns: 1818, Time: 00:01:18

Health: 0/39       AC:  8    Str: 22    XL:     4   Next: 68%
Magic:  4/4        EV:  7    Int:  8    God:    Qazlal [*.....]
Gold:   60         SH:  6    Dex: 11    Spells: 3/3 levels left

rFire   . . .      SeeInvis +    a - +0 flail
rCold   . . .      Faith    .    c - +0 buckler
rNeg    . . .      Spirit   .    b - +0 scale mail
rPois   .          Reflect  .    s - +0 helmet
rElec   .          Roll     +    (no cloak)
rCorr   .                        (no gloves)
Will    .....                    (no barding) Stlth
                                 (no amulet)
HPRegen 0.26/turn                m - ring of see invisible
MPRegen 0.09/turn                (no ring)

@: mighty
A: large, rugged brown scales 3, deformed body, armoured tail, roll, long
tongue, awkward tongue
a: Renounce Religion


You were on level 2 of the Dungeon.
You worshipped Qazlal.
Qazlal was aware of your devotion.
You visited 1 branch of the dungeon, and saw 2 of its levels.

You collected 60 gold pieces.

Inventory:

Hand Weapons
 a - a +0 flail (weapon)
Armour
 b - a +0 scale mail (worn)
 c - a +0 buckler (worn)
 s - a +0 helmet (worn)
Jewellery
 m - a ring of see invisible (left hand)
 o - a ring of willpower
Scrolls
 f - a scroll of magic mapping {unknown}
 i - a scroll of noise {unknown}
 k - a scroll of immolation {unknown}
 p - 2 scrolls of identify {unknown}
 q - a scroll of enchant weapon {unknown}
 r - a scroll of fog {unknown}
 t - 2 scrolls of blinking {unknown}
Potions
 e - a potion of attraction {unknown}
 g - a potion of lignification {unknown}
 h - a potion of curing {unknown}
 j - 2 potions of cancellation {unknown}
 l - a potion of brilliance {unknown}
 n - a potion of mutation {unknown}


   Skills:
 - Level 2.6 Fighting
 + Level 4.5 Maces & Flails
 - Level 3.6 Armour
 - Level 3.2 Shields


You had 3 spell levels left.
You didn't know any spells.
Your spell library contained the following spells:

 Spells                   Type           Power      Damage    Failure   Level
 Inner Flame              Hex/Fire       0%         N/A       99%         3
 Cause Fear               Hex            0%         N/A       100%        4
 Discord                  Hex            0%         N/A       100%        8


Dungeon Overview and Level Annotations

Branches:
Dungeon (2/15)

Altars:
Qazlal


Innate Abilities, Weirdness & Mutations

You are completely covered in rugged brown scales. (AC +3, +7% HP)
Armour fits poorly on your strangely shaped body.
You have a long armoured tail.
You roll when moving toward enemies. (Rampage)
Your long tongue fully drains potion bottles. (2x potion effects)
Your tongue gives you trouble enunciating. (1.5x scroll delay)


Message History

You slurp down every last drop of the potion of might!
Robin hits you with a +0 falchion. The goblin barely misses you.
You barely miss Robin. You tail-slap Robin.
Robin is moderately wounded.
Robin hits you with a +0 falchion. The goblin hits you with a +0 club.
The hobgoblin hits you.
* * * LOW HITPOINT WARNING * * *
You hit Robin.
Robin is severely wounded.
Robin barely misses you. The goblin closely misses you.
The hobgoblin hits you but does no damage.
You block the goblin's attack. Robin throws the goblin at you!
* * * LOW HITPOINT WARNING * * *
The goblin hits you but does no damage. The hobgoblin barely misses you.
The goblin completely misses you.
You thump Robin!
You kill Robin!
Qazlal accepts your kill.
You are now surrounded by a storm.
The hobgoblin hits you but does no damage.
You block the goblin's attack. The goblin hits you with a +0 club.
* * * LOW HITPOINT WARNING * * *
The goblin attacks as you move away! The goblin hits you but does no damage.
The hobgoblin hits you.
* * * LOW HITPOINT WARNING * * *
There is an open door here.
A goblin comes into view. It is wielding a +0 dagger.
The goblin shouts!
You hear a shout!
You sock the hobgoblin!
You kill the hobgoblin!
Qazlal accepts your kill.
A goblin comes into view. It is wielding a +0 dagger.
You barely miss the goblin.
The goblin no longer looks unusually strong.
You block the goblin's attack. The goblin hits you with a +0 club.
* * * LOW HITPOINT WARNING * * *
You sock the goblin!
You kill the goblin!
Qazlal accepts your kill. The goblin closely misses you.
The goblin hits you with a +0 club.
You die...

#.#...# #.#+###
#(...######
#.........##########
#......(...........#
#.............[....#
#............).....#
#....#######g##....#
#....# #@# ..#
#....# #..gg# #
#....# #.#### #....#
.. #. #


You could see 3 goblins.

Vanquished Creatures
  Robin (D:2)
  5 adders (D:2)
  3 dart slugs
  5 bats
  3 endoplasms (D:1)
  2 giant cockroaches
  3 goblins (D:2)
  6 hobgoblins
  9 jackals
  5 kobolds
  A quokka (D:2)
  3 ball pythons
  2 frilled lizards (D:1)
  3 rats (D:2)
51 creatures vanquished.

Vanquished Creatures (others)
  3 toadstools (D:2)
3 creatures vanquished.

Grand Total: 54 creatures vanquished

Notes
Turn   | Place    | Note
-------+----------+-------------------------------------------
     0 | D:1      | Shard1697 the Armataur Fighter began the quest for the Orb.
     0 | D:1      | Reached XP level 1. HP: 19/19 MP: 1/1
   198 | D:1      | Reached skill level 2 in Maces & Flails
   556 | D:1      | Reached XP level 2. HP: 26/26 MP: 2/2
   899 | D:1      | Reached skill level 3 in Maces & Flails
  1388 | D:2      | Found a stormy altar of Qazlal.
  1397 | D:2      | Reached XP level 3. HP: 31/32 MP: 3/3
  1406 | D:2      | Became a worshipper of Qazlal Stormbringer
  1494 | D:2      | Reached XP level 4. HP: 28/39 MP: 4/4
  1495 | D:2      | Reached skill level 4 in Maces & Flails
  1801 | D:2      | Noticed Robin
  1813 | D:2      | Killed Robin
  1813 | D:2      | Reached * piety under Qazlal
  1814 | D:2      | HP: 1/39 [hobgoblin[Robin] (2)]
  1818 | D:2      | Slain by a goblin

Illustrated notes

Levels and vault maps discovered:
D:1:      minmay_arrival_up_and_down, layout_basic, minmay_tetromino_s4
D:2:      layout_basic, basic_altar, minmay_gold_behind_fungi, minivault_19,
          minmay_strange_pillars, minmay_three_crescents, uniq_robin

Skill      XL: |  1  2  3  4 |
---------------+-------------+-----
Maces & Flails | 2 3 4 |  4.5
Fighting       | |  2.6
Armour         | |  3.6
Shields        | |  3.2

Action                     |  1- 3 |  4- 6 || total
---------------------------+-------+-------++-------
  Melee: Flail             |   104 |    41 ||   145
         Tailslap          |    13 |     2 ||    15
    Use: Potion            |       |     1 ||     1
 Armour: Scale mail        |    70 |    24 ||    94
  Dodge: Dodged            |    46 |    28 ||    74
  Block: Buckler           |    31 |    14 ||    45

Table legend: (Time is in decaauts)
 A = Elapsed time spent in this place.
 B = Non-inter-level travel time spent in this place.
 C = Inter-level travel time spent in this place.
 D = Time resting spent in this place.
 E = Time spent auto-exploring this place.
 F = Levels seen in this place.
 G = Mean time per level.
                   A        B        C        D        E       F      G
               +--------+--------+--------+--------+--------+-----+--------+
         Total |   1855 |   1792 |     63 |     44 |   1431 |   2 |  927.5 |
       Dungeon |   1855 |   1792 |     63 |     44 |   1431 |   2 |  927.5 |
               +--------+--------+--------+--------+--------+-----+--------+

Top non-repeatable levels by time:
     D:1: 1383 daAuts
     D:2: 472 daAuts
